[Event "Titled Tuesday Blitz December 13 Late 2022"]
[White "Riff, Vincent"]
[Black "Gutkin, Ilya"]
[WhiteFideId "617776"]
[BlackFideId "16203470"]
[WhiteElo "2369"]
[BlackElo "2265"]
[Result "0-1"]
[Round "05"]
[TimeControl "180+1"]
[Date "2022.12.14"]
[WhiteClock "0:01:07"]
[BlackClock "0:00:17"]

1. e4 e6 2. d4 d5 3. e5 c5 4. c3 Nc6 5. Nf3 Nh6 6. Bd3 cxd4 7. O-O Nf5 8. Bxf5 exf5 9. cxd4 Be7 10. Nc3 Be6 11. Ne2 h6 12. Nf4 g5 13. Nh5 O-O 14. h4 f4 15. hxg5 hxg5 16. Nh2 Qb6 17. Ng4 Qxd4 18. Nhf6+ Bxf6 19. Nxf6+ Kg7 20. Nh5+ Kg6 21. Nf6 Qxd1 22. Rxd1 Rfd8 23. f3 Nxe5 24. Ng4 Bxg4 25. fxg4 Nxg4 26. Bd2 d4 27. Rf1 Rac8 28. g3 fxg3 29. Rf3 f5 30. Rxg3 Rc2 31. Rd1 Rxb2 32. Bc3 dxc3 33. Rxd8 c2 34. Rd6+ Kf7 35. Rc3 Rb1+ 36. Kg2 c1=Q 37. Rxc1 Rxc1 38. Rd7+ Ke6 39. Rxb7 Rc2+ 40. Kg3 Rxa2 41. Rb8 Ra3+ 42. Kg2 Ke5 43. Rb5+ Ke4 44. Rb4+ Ke3 45. Kg3 Ke2+ 46. Kg2 f4 47. Rb2+ Ke3 48. Rc2 Ke4 49. Rc4+ Kf5 50. Rc2 Ne3+ 0-1


[Site "https://www.chess.com"]

[Event "Titled Tuesday Blitz December 13 Late 2022"]
[White "Rodriguez Fontecha, Marcos"]
[Black "Pace, Christopher"]
[WhiteFideId "2256576"]
[BlackFideId "2610167"]
[WhiteElo "2263"]
[BlackElo "2298"]
[Result "1/2-1/2"]
[Round "05"]
[TimeControl "180+1"]
[Date "2022.12.14"]
[WhiteClock "0:00:04"]
[BlackClock "0:00:07"]

1. d4 Nf6 2. Nf3 g6 3. Bf4 Bg7 4. Nc3 d5 5. Qd2 O-O 6. Bh6 Ne4 7. Qe3 Nxc3 8. bxc3 Bf5 9. h4 f6 10. Bxg7 Kxg7 11. h5 g5 12. h6+ Kh8 13. g4 Bxc2 14. Bg2 Qd6 15. O-O Nc6 16. Ne1 Bg6 17. f4 gxf4 18. Rxf4 e5 19. Rf2 exd4 20. cxd4 Rae8 21. Qd2 Qb4 22. Qxb4 Nxb4 23. a3 Nc6 24. Bxd5 Nxd4 25. Bxb7 Nxe2+ 26. Kf1 Ng3+ 27. Kg2 Ne4 28. Rf4 Nd6 29. Ba6 Re3 30. Kf2 Rh3 31. Kg2 Rxh6 32. g5 Rh5 33. gxf6 Rg5+ 34. Kh2 Rf5 35. Ng2 Rxf4 36. Nxf4 Rxf6 37. Nd5 Rf2+ 38. Kg1 Rc2 39. Re1 Kg7 40. Re7+ Kh6 41. Nxc7 Ra2 42. Re3 Nf5 43. Rh3+ Kg5 44. Rc3 Nd4 45. Rc5+ Kf4 46. Rc4 Ke3 47. Nd5+ Kf3 48. Rxd4 Rxa3 49. Nf6 Rxa6 50. Nd7 Ke3 51. Rb4 Ra1+ 52. Kh2 Ra2+ 53. Kg3 Kd3 54. Nc5+ Kc3 55. Rb7 Ra3 56. Nd7 Kd4+ 57. Kg4 Be4 58. Rb4+ Kd5 59. Nf6+ Kc5 60. Rxe4 Kb5 61. Nxh7 Ra4 62. Nf6 Rxe4+ 63. Nxe4 Kc4 64. Kf3 a5 65. Nd2+ Kc3 66. Ke2 a4 67. Kd1 Kb2 68. Nc4+ Kb3 69. Nd2+ Kc3 70. Kc1 a3 71. Nb1+ Kb3 72. Nxa3 1/2-1/2


[Site "https://www.chess.com"]

[Event "Titled Tuesday Blitz December 13 Late 2022"]
[White "Rodriguez Santiago, Jaime"]
[Black "Mitrovic, Darko R"]
[WhiteFideId "3100898"]
[BlackFideId "927023"]
[WhiteElo "2025"]
[BlackElo "2150"]
[Result "1-0"]
[Round "05"]
[TimeControl "180+1"]
[Date "2022.12.14"]
[WhiteClock "0:00:07"]
[BlackClock "0:00:01"]

1. c4 e5 2. Nc3 f5 3. g3 Nf6 4. Bg2 g6 5. Nf3 e4 6. Ng1 Bg7 7. e3 O-O 8. Nh3 Nc6 9. d4 exd3 10. Qxd3 d6 11. O-O Ne5 12. Qe2 Be6 13. b3 Ne4 14. Nxe4 fxe4 15. Nf4 Nf3+ 16. Bxf3 exf3 17. Qc2 Rxf4 18. exf4 Bxa1 19. Re1 Bf5 20. Qd1 Bf6 21. Qxf3 c6 22. g4 Bd7 23. h3 Qf8 24. Rd1 Re8 25. Ba3 Re6 26. f5 gxf5 27. gxf5 Re5 28. Bxd6 Qg7+ 29. Qg4 Rxf5 30. Qxg7+ Bxg7 31. Bg3 Rf7 32. Kg2 Bf8 33. Rd4 a5 34. h4 Bc5 35. Rd2 h5 36. Be5 Kh7 37. f4 Bf5 38. Rd8 Bf8 39. Ra8 Bg7 40. Rxa5 Bxe5 41. Rxe5 Kg6 42. Kf3 Kf6 43. Ra5 Re7 44. Ra7 Bg4+ 45. Kg3 b5 46. Ra6 Re3+ 47. Kg2 Re2+ 48. Kg3 bxc4 49. Rxc6+ Kf7 50. bxc4 Rxa2 51. f5 Bxf5 52. Kf4 Bg4 53. Kg5 Ke7 54. c5 Kd7 55. Rd6+ Kc7 56. Rf6 Ra5 57. Rf7+ Kc8 58. Kf6 Rxc5 59. Rf8+ Kc7 60. Rf7+ Kb6 61. Rf8 Rc6+ 62. Kg5 Kc5 63. Kf4 Kc4 64. Ra8 Rc5 65. Ra1 Kd5 66. Re1 Rc4+ 67. Kg5 Rc3 68. Kh6 Rh3 69. Kg5 Kd4 70. Re8 Re3 71. Rd8+ Ke4 72. Re8+ Kf3 73. Rf8+ Kg3 74. Rf1 Re5+ 75. Kh6 Rf5 76. Rh1 Kg2 77. Rb1 Rf1 78. Rb2+ Kg3 79. Rb3+ Kxh4 80. Rb4 Rf5 81. Kg6 Rf3 82. Rb1 Kg3 83. Kg5 Rf2 84. Rg1+ Rg2 85. Rh1 1-0


[Site "https://www.chess.com"]

[Event "Titled Tuesday Blitz December 13 Late 2022"]
[White "Rosenberg, Evan S"]
[Black "Curtis, John"]
[WhiteFideId "2019299"]
[BlackFideId "3200256"]
[WhiteElo "2418"]
[BlackElo "2203"]
[Result "1-0"]
[Round "05"]
[TimeControl "180+1"]
[Date "2022.12.14"]
[WhiteClock "0:00:58"]
[BlackClock "0:00:51"]

1. d4 Nf6 2. Nf3 g6 3. Nc3 d5 4. Bf4 c6 5. h3 Bg7 6. e3 Ne4 7. Nxe4 dxe4 8. Nd2 g5 9. Bh2 Bf5 10. Bc4 Nd7 11. Qh5 e6 12. Bb3 g4 13. hxg4 Bg6 14. Qh3 h5 15. Bd6 Nf6 16. Qg3 hxg4 17. Rxh8+ Bxh8 18. O-O-O Bf5 19. Rh1 Bg7 20. Be5 Qd7 21. Nc4 Bg6 22. Nd6+ Kf8 23. Qf4 Ng8 24. Nxe4 Bxe4 25. Qxe4 f5 26. Bxg7+ Qxg7 27. Qxe6 1-0


[Site "https://www.chess.com"]

[Event "Titled Tuesday Blitz December 13 Late 2022"]
[White "Samsonkin, Artiom"]
[Black "Keymer, Vincent"]
[WhiteFideId "13503111"]
[BlackFideId "12940690"]
[WhiteElo "2524"]
[BlackElo "2600"]
[Result "1-0"]
[Round "05"]
[TimeControl "180+1"]
[Date "2022.12.13"]
[WhiteClock "0:00:13"]
[BlackClock "0:00:02"]

1. e4 c6 2. d4 d5 3. e5 Bf5 4. h4 h6 5. g4 Be4 6. f3 Bh7 7. e6 Nf6 8. Bd3 Qd6 9. exf7+ Kxf7 10. Bxh7 Rxh7 11. f4 Qe6+ 12. Kf1 Qxg4 13. Nf3 Nbd7 14. Nc3 e6 15. Qe2 Bb4 16. Nd1 Ne4 17. Ng5+ hxg5 18. Qxg4 Ndf6 19. Qf3 gxh4 20. Nf2 Ng3+ 21. Kg2 Nxh1 22. Kxh1 Rah8 23. Nh3 Rh5 24. c3 Ba5 25. Ng5+ Ke7 26. Qh3 Re8 27. Be3 Kd7 28. f5 e5 29. Ne6 exd4 30. Bxd4 Ne4 31. Rg1 Bb6 32. Rxg7+ Kc8 33. Kg2 Bxd4 34. cxd4 Rh6 35. Qa3 h3+ 36. Kh2 Kb8 37. Qa5 Ka8 38. Nc7+ Kb8 39. Nxe8 1-0


[Site "https://www.chess.com"]

[Event "Titled Tuesday Blitz December 13 Late 2022"]
[White "Sanchez, Robert"]
[Black "Andreassen, Lars"]
[WhiteFideId "2034360"]
[BlackFideId "1504878"]
[WhiteElo "2354"]
[BlackElo "2119"]
[Result "1-0"]
[Round "05"]
[TimeControl "180+1"]
[Date "2022.12.14"]
[WhiteClock "0:00:05"]
[BlackClock "0:01:15"]

1. e4 g6 2. d4 Bg7 3. Nc3 d6 4. Be3 c6 5. f3 Qc7 6. Qd2 Nd7 7. O-O-O b5 8. Kb1 a5 9. h4 h5 10. Nh3 a4 11. Bd3 b4 12. Ne2 b3 13. a3 bxc2+ 14. Qxc2 Ba6 15. Nc3 Bxd3 16. Rxd3 Nb6 17. d5 c5 18. Rc1 Qb7 19. Ne2 Nf6 20. Nhf4 O-O 21. Rdd1 Rfb8 22. Rd2 Nfd7 23. Nd3 Ra5 24. g4 hxg4 25. fxg4 Rb5 26. Qd1 Ne5 27. Nxe5 Bxe5 28. Nc3 Nc4 29. Nxb5 Nxe3 30. Qxa4 Qxb5 31. Qxb5 Rxb5 32. g5 c4 33. Re2 c3 34. Rxe3 Rxb2+ 35. Ka1 Rb3 36. Rc2 Rxa3+ 37. Kb1 Rb3+ 38. Ka2 Rb4 39. Ka3 Rb8 40. Rcxc3 Bxc3 41. Rxc3 Kg7 42. Rc7 Rh8 43. Rxe7 Rxh4 44. Kb4 Kf8 45. Rd7 Rxe4+ 46. Kb5 Re5 47. Kc6 Rxg5 48. Kxd6 Rg1 49. Rd8+ Kg7 50. Ke7 Re1+ 51. Kd7 g5 52. d6 g4 53. Re8 Rc1 54. Re5 f6 55. Re4 f5 56. Re7+ Kf6 57. Re1 g3 58. Rxc1 1-0


[Site "https://www.chess.com"]

[Event "Titled Tuesday Blitz December 13 Late 2022"]
[White "Seletsky, Grigory"]
[Black "Levine, David"]
[WhiteFideId "14112191"]
[BlackFideId "2011611"]
[WhiteElo "2492"]
[BlackElo "2138"]
[Result "1-0"]
[Round "05"]
[TimeControl "180+1"]
[Date "2022.12.14"]
[WhiteClock "0:01:25"]
[BlackClock "0:00:14"]

1. e4 e5 2. Nf3 Nc6 3. c3 Nf6 4. d4 exd4 5. e5 Nd5 6. Bc4 Nb6 7. Bb3 d6 8. O-O dxe5 9. Re1 Be7 10. Nxe5 Nxe5 11. Rxe5 O-O 12. Qh5 Bf6 13. Re1 d3 14. Bf4 a5 15. a4 g6 16. Qf3 c6 17. Nd2 Bg7 18. Rad1 Bf5 19. Ne4 Re8 20. Rxd3 Qe7 21. Rde3 Bxe4 22. Rxe4 Qd7 23. h3 Rxe4 24. Qxe4 Rd8 25. Bg5 Rf8 26. Qe7 1-0


[Site "https://www.chess.com"]

[Event "Titled Tuesday Blitz December 13 Late 2022"]
[White "Sivakumar, Shaaketh"]
[Black "Marchesich, Giovanni"]
[WhiteFideId "30940176"]
[BlackFideId "2824790"]
[WhiteElo "2174"]
[BlackElo "2200"]
[Result "1-0"]
[Round "05"]
[TimeControl "180+1"]
[Date "2022.12.14"]
[WhiteClock "0:01:36"]
[BlackClock "0:00:46"]

1. g3 g6 2. d4 Bg7 3. Bg2 d6 4. Be3 Bd7 5. Nc3 Qc8 6. Nf3 h5 7. Qd3 Nh6 8. h3 Nc6 9. Ng5 O-O 10. g4 hxg4 11. hxg4 Bxg4 12. Nd5 e6 13. Nf4 Bf5 14. Qd2 Ng4 15. d5 Nxe3 16. Qxe3 exd5 17. Bxd5 Ne5 18. Qg3 Ng4 19. Qh4 Nf6 20. Nh7 Nxd5 21. Nxd5 f6 22. Ne7+ Kf7 23. Nxc8 Rfxc8 24. e4 Be6 25. f4 Rh8 26. f5 gxf5 27. exf5 Bxf5 28. Qh5+ Bg6 29. Qd5+ Ke7 30. O-O-O c6 31. Qxd6+ 1-0


[Site "https://www.chess.com"]

[Event "Titled Tuesday Blitz December 13 Late 2022"]
[White "Sjugirov, Sanan"]
[Black "Holt, Conrad"]
[WhiteFideId "4189302"]
[BlackFideId "2034387"]
[WhiteElo "2613"]
[BlackElo "2592"]
[Result "1/2-1/2"]
[Round "05"]
[TimeControl "180+1"]
[Date "2022.12.13"]
[WhiteClock "0:00:06"]
[BlackClock "0:00:10"]

1. e4 e6 2. d4 d5 3. e5 c5 4. c3 Bd7 5. Nf3 Nc6 6. Be2 Nge7 7. O-O Nf5 8. dxc5 Bxc5 9. b4 Bb6 10. Bd3 Nh4 11. Nbd2 Rc8 12. Nxh4 Qxh4 13. Nf3 Qh5 14. Re1 O-O 15. Be3 Bc7 16. Bd4 Nxd4 17. cxd4 Bd8 18. Qd2 Be7 19. a3 Rc7 20. Rac1 Rfc8 21. Rxc7 Rxc7 22. Rc1 Rc6 23. Rxc6 Bxc6 24. Qc3 Qh6 25. b5 Be8 26. a4 Kf8 27. g3 f6 28. Qc8 fxe5 29. Nxe5 Bd6 30. Nf3 b6 31. h4 Qf6 32. Ng5 Ke7 33. Bxh7 Bd7 34. Qg8 Qxd4 35. Qf7+ Kd8 36. Nxe6+ Bxe6 37. Qxe6 Bxg3 38. Qf5 Bd6 39. h5 Qd1+ 40. Kg2 Qd4 41. Bg6 Qe4+ 42. Qxe4 dxe4 43. Bxe4 Ke7 44. Kf3 Kf6 45. Kg4 Bc5 46. f4 Be3 47. Bg6 Bc1 48. Kf3 Bd2 49. Ke4 Bc1 50. f5 Bb2 51. Kd5 Ke7 52. Kc6 Bc3 53. Kb7 Kd7 54. Bf7 Kd6 55. Be8 Ke7 56. Bc6 Kd8 57. Bd5 Kd7 58. Be6+ Kd8 59. Bc4 Bd2 60. Be2 Bc3 61. Bg4 Bd2 62. Kxa7 Kc7 63. a5 Bxa5 64. f6 gxf6 65. h6 f5 66. Bxf5 Bd2 67. h7 Bc3 68. Ka6 Bh8 69. Bg6 Bg7 70. Bf5 Bh8 71. Bg6 Bg7 72. Bf5 Bh8 1/2-1/2


[Site "https://www.chess.com"]

[Event "Titled Tuesday Blitz December 13 Late 2022"]
[White "So, Wesley"]
[Black "Kim, Sergey"]
[WhiteFideId "5202213"]
[BlackFideId "13700570"]
[WhiteElo "2763"]
[BlackElo "2627"]
[Result "1-0"]
[Round "05"]
[TimeControl "180+1"]
[Date "2022.12.13"]
[WhiteClock "0:00:10"]
[BlackClock "0:00:10"]

1. d4 Nf6 2. c4 g6 3. Nc3 Bg7 4. e4 d6 5. Nf3 O-O 6. Be2 e5 7. O-O exd4 8. Nxd4 Re8 9. f3 Nbd7 10. Kh1 c6 11. Bf4 Ne5 12. Qd2 a5 13. b3 Nfd7 14. Rad1 Nc5 15. Bg5 Qb6 16. Be3 a4 17. Nxa4 Nxa4 18. Nf5 gxf5 19. Bxb6 Nxb6 20. exf5 Bxf5 21. g4 Be6 22. f4 Nxg4 23. f5 Bxf5 24. Rxf5 Ne3 25. Rf2 Nxd1 26. Bxd1 Nd7 27. Qxd6 Ne5 28. Bh5 Rad8 29. Qc7 Rd7 30. Bxf7+ Rxf7 31. Rxf7 Nxf7 32. Qxb7 c5 33. a4 Bd4 34. a5 Re2 35. a6 Re1+ 36. Kg2 Ne5 37. a7 Rg1+ 38. Kh3 1-0


[Site "https://www.chess.com"]

[Event "Titled Tuesday Blitz December 13 Late 2022"]
[White "Steenbekkers, Franck"]
[Black "Eisa Mohmood, Alkhoori"]
[WhiteFideId "1004220"]
[BlackFideId "9316116"]
[WhiteElo "1918"]
[BlackElo "1245"]
[Result "1-0"]
[Round "05"]
[TimeControl "180+1"]
[Date "2022.12.14"]
[WhiteClock "0:01:19"]
[BlackClock "0:01:47"]

1. e4 c5 2. Nf3 d6 3. d4 cxd4 4. Nxd4 Nf6 5. Nc3 g6 6. Be3 Bg7 7. f3 O-O 8. Qd2 Nc6 9. O-O-O d5 10. exd5 Nxd5 11. Nxc6 bxc6 12. Bd4 e5 13. Bc5 Be6 14. Ne4 Re8 15. h4 h6 16. h5 g5 17. Bc4 Nf4 18. Bxe6 Nxe6 19. Bd6 f5 20. Nc5 Nxc5 21. Bxc5 Qxd2+ 22. Rxd2 Red8 23. Rhd1 Bf6 24. Rxd8+ Rxd8 25. Rxd8+ Bxd8 26. Bxa7 g4 27. fxg4 fxg4 28. Be3 Kg7 29. Kd2 Be7 30. Kd3 Bf8 31. Ke4 Kf6 32. a4 1-0


[Site "https://www.chess.com"]

[Event "Titled Tuesday Blitz December 13 Late 2022"]
[White "Sukandar, Irine Kharisma"]
[Black "Vasquez Schroeder, Rodrigo"]
[WhiteFideId "7101937"]
[BlackFideId "3400042"]
[WhiteElo "2301"]
[BlackElo "2603"]
[Result "0-1"]
[Round "05"]
[TimeControl "180+1"]
[Date "2022.12.13"]
[WhiteClock "0:00:30"]
[BlackClock "0:01:07"]

1. e4 e6 2. d4 d5 3. exd5 exd5 4. Nc3 Nc6 5. Nf3 Bb4 6. Bd3 Nge7 7. O-O Bf5 8. Ne2 O-O 9. Ng3 Bxd3 10. Qxd3 f6 11. c3 Bd6 12. Re1 Qd7 13. Bd2 Rae8 14. Nh4 a6 15. Nhf5 Nxf5 16. Nxf5 Ne7 17. Nxe7+ Rxe7 18. Rxe7 Qxe7 19. Re1 Qd7 20. Qf3 c6 21. Qh5 g6 22. Qf3 Qf7 23. g3 Kg7 24. Qe3 Rd8 25. Qh6+ Kg8 26. Bf4 Bf8 27. Qh3 Re8 28. Qf1 g5 29. Bd2 Qg6 30. Rxe8 Qxe8 31. Qd3 Qe6 32. Be3 Be7 33. Qd1 Kg7 34. Qh5 Bd6 35. h4 h6 36. hxg5 hxg5 37. Qd1 Bxg3 38. Qb3 Qe7 39. fxg3 Qxe3+ 40. Kg2 Qe7 41. Kf2 Kg6 42. Qb6 f5 43. Qa7 f4 44. gxf4 gxf4 45. Qb8 Qe3+ 46. Kf1 Qc1+ 47. Kf2 Qxb2+ 48. Kf1 Qa1+ 49. Kf2 Qb2+ 50. Kf1 Qc1+ 51. Kf2 Qe3+ 52. Kf1 Kf5 53. Qxb7 Qxc3 54. Qh7+ Kg4 55. Qd7+ Kg3 56. Qg7+ Kf3 57. Qg1 Qc1# 0-1


[Site "https://www.chess.com"]

[Event "Titled Tuesday Blitz December 13 Late 2022"]
[White "Svane, Frederik"]
[Black "Sargsyan, Anna M."]
[WhiteFideId "12923044"]
[BlackFideId "13308130"]
[WhiteElo "2466"]
[BlackElo "2284"]
[Result "1-0"]
[Round "05"]
[TimeControl "180+1"]
[Date "2022.12.13"]
[WhiteClock "0:00:40"]
[BlackClock "0:00:33"]

1. e4 e5 2. Nf3 Nc6 3. Bb5 a6 4. Ba4 Nf6 5. O-O Nxe4 6. d4 b5 7. Bb3 d5 8. dxe5 Be6 9. Be3 Be7 10. c3 O-O 11. Nbd2 f5 12. exf6 Nxf6 13. Re1 Qd7 14. a4 b4 15. a5 h6 16. Ba4 Bg4 17. cxb4 Qe6 18. Bc5 Ne4 19. Rxe4 dxe4 20. Bb3 exf3 21. Bxe7 Nxe7 22. Bxe6+ Bxe6 23. Qe1 Rf6 24. Nxf3 Nf5 25. Qe5 c6 26. Rd1 Raf8 27. h3 Ne7 28. Rd6 Ng6 29. Qxe6+ Rxe6 30. Rxe6 Nf4 31. Rxc6 Rb8 32. Rb6 Ra8 33. b5 axb5 34. b4 g5 35. Rxb5 Kf7 36. Rb6 Nd5 37. Rxh6 Nxb4 38. Nxg5+ Kg7 39. Rb6 Nd5 40. Rb5 Nc3 41. Rc5 Ne2+ 42. Kf1 Nd4 43. g4 Nb3 44. Rc3 Nd4 45. Ra3 Nb5 46. Ra1 Kf6 47. Nf3 1-0


[Site "https://www.chess.com"]

[Event "Titled Tuesday Blitz December 13 Late 2022"]
[White "Svane, Rasmus"]
[Black "Sarana, Alexey"]
[WhiteFideId "4657101"]
[BlackFideId "24133795"]
[WhiteElo "2674"]
[BlackElo "2708"]
[Result "0-1"]
[Round "05"]
[TimeControl "180+1"]
[Date "2022.12.13"]
[WhiteClock "0:00:04"]
[BlackClock "0:00:06"]

1. Nf3 d5 2. g3 g6 3. Bg2 Bg7 4. d4 Nf6 5. O-O c6 6. c4 dxc4 7. a4 O-O 8. Na3 Be6 9. Ng5 Bd5 10. e4 h6 11. exd5 hxg5 12. dxc6 Nxc6 13. d5 Nb4 14. Nxc4 Rc8 15. Qe2 Nfxd5 16. Bxg5 Qd7 17. h4 Qf5 18. Be4 Qe6 19. Rfe1 Nf6 20. Bxf6 Bxf6 21. Rac1 Bd4 22. h5 Qh3 23. hxg6 Qxg3+ 24. Bg2 fxg6 25. Ne3 Bxe3 26. Qxe3 Qxe3 27. fxe3 b6 28. Red1 Rxc1 29. Rxc1 a5 30. Rc7 Rf7 31. Rb7 Rf6 32. Rxe7 Kf8 33. Rb7 Nd3 34. b3 Nc5 35. Rb8+ Ke7 36. Bd5 Kd6 37. Rxb6+ Ke5 38. Bc6 g5 39. Kg2 g4 40. Kg3 Rg6 41. Rb5 Rxc6 42. Rxa5 Ke4 43. b4 Nd3 44. Kxg4 Rg6+ 45. Kh5 Rg8 46. Ra7 Ne5 47. Re7 Kf5 48. Kh6 Kf6 49. Rb7 Rh8+ 50. Rh7 Nf7+ 51. Kh5 Rxh7+ 0-1


[Site "https://www.chess.com"]

[Event "Titled Tuesday Blitz December 13 Late 2022"]
[White "Szyszylo, Rafal"]
[Black "Torres Dominguez, David"]
[WhiteFideId "1109626"]
[BlackFideId "2220857"]
[WhiteElo "1981"]
[BlackElo "2037"]
[Result "1-0"]
[Round "05"]
[TimeControl "180+1"]
[Date "2022.12.14"]
[WhiteClock "0:00:35"]
[BlackClock "0:00:08"]

1. e4 Nc6 2. Nf3 e5 3. Bb5 Nge7 4. c3 g6 5. d4 Bg7 6. d5 a6 7. dxc6 axb5 8. cxd7+ Qxd7 9. Qe2 O-O 10. O-O c6 11. Rd1 Qc7 12. Nbd2 Bd7 13. Nb3 Rad8 14. Bg5 f6 15. Bh4 Be6 16. Nc5 Bc4 17. Qe3 b6 18. Na6 Qb7 19. Nb4 g5 20. Bg3 Ng6 21. b3 Be6 22. h4 h6 23. hxg5 hxg5 24. Nh2 Nf4 25. Nf1 c5 26. Nc2 Qc7 27. Qe1 Rxd1 28. Rxd1 Rd8 29. Nfe3 Rxd1 30. Qxd1 Bf8 31. Bxf4 exf4 32. Nd5 Qd8 33. c4 bxc4 34. bxc4 Bg7 35. Na3 f5 36. exf5 Bxf5 37. Nb5 Bg6 38. Qe2 Kh7 39. Nbc7 Qd7 40. Ne6 Bh6 41. Nf6+ Kh8 42. Nxd7 1-0


[Site "https://www.chess.com"]

[Event "Titled Tuesday Blitz December 13 Late 2022"]
[White "Tabatabaei, M. Amin"]
[Black "Rorrer, Grayson"]
[WhiteFideId "12521213"]
[BlackFideId "30944996"]
[WhiteElo "2551"]
[BlackElo "2200"]
[Result "0-1"]
[Round "05"]
[TimeControl "180+1"]
[Date "2022.12.13"]
[WhiteClock "0:00:03"]
[BlackClock "0:00:05"]

1. b3 e5 2. Bb2 Nc6 3. Nf3 e4 4. Nd4 Nxd4 5. Bxd4 d5 6. e3 Nf6 7. Be2 Bf5 8. O-O c6 9. d3 Be7 10. c4 exd3 11. Bxd3 Bxd3 12. Qxd3 dxc4 13. Qxc4 O-O 14. Nc3 Qa5 15. Rad1 Rfd8 16. h3 Nd5 17. Nxd5 Rxd5 18. Bc3 Qc5 19. Rxd5 cxd5 20. Qxc5 Bxc5 21. Rd1 Rd8 22. g4 f6 23. Kg2 Kf7 24. h4 Ke6 25. Kf3 g6 26. Bb2 Bd6 27. Rc1 Be5 28. Ba3 d4 29. Rd1 Rd5 30. exd4 Rxd4 31. Rxd4 Bxd4 32. Ke2 h5 33. f3 Be5 34. Bc5 Bg3 35. Bxa7 Bxh4 36. gxh5 gxh5 37. a4 Bg3 38. Kf1 Bd6 39. Kg2 Kf5 40. Bd4 Be5 41. Bc5 Bf4 42. Bb4 Ke6 43. Bc3 Be5 44. Be1 Kd5 45. Bf2 Bd4 46. Be1 Be5 47. Kh3 Kd4 48. a5 Ke3 49. Kg2 Ke2 50. Bf2 Bc7 51. b4 Kd3 52. Kh3 Ke2 53. Bg3 Bd8 54. Kg2 f5 55. Be5 h4 56. Bd6 h3+ 57. Kxh3 Kxf3 58. Be5 Ke4 59. Bg7 Kd5 60. Bf8 Kc4 61. Kg2 Bf6 62. Kf3 Bc3 63. Kf4 Bxb4 64. Bg7 Bxa5 65. Kxf5 Bc3 66. Bf8 b5 67. Ke4 Bd4 68. Be7 Bc5 69. Bf6 b4 70. Bb2 Kb3 71. Be5 Kc2 72. Kd5 Be3 73. Kc4 b3 74. Bc3 Bf4 75. Bf6 Bc1 76. Bd4 Bb2 77. Bc5 Be5 78. Ba3 Bf4 79. Kd5 Bg5 80. Kc4 Bh6 81. Kd5 Bf8 0-1


[Site "https://www.chess.com"]

[Event "Titled Tuesday Blitz December 13 Late 2022"]
[White "Thiel, Thomas"]
[Black "Moral Garcia, Serafin"]
[WhiteFideId "4615964"]
[BlackFideId "2201925"]
[WhiteElo "2213"]
[BlackElo "2259"]
[Result "1-0"]
[Round "05"]
[TimeControl "180+1"]
[Date "2022.12.14"]
[WhiteClock "0:00:40"]
[BlackClock "0:01:22"]

1. e4 c5 2. Nc3 e6 3. Nge2 Nc6 4. g3 g6 5. d4 cxd4 6. Nxd4 a6 7. Nxc6 dxc6 8. Qxd8+ Kxd8 9. Be3 Bg7 10. Bb6+ Ke8 11. O-O-O Bd7 12. Na4 Bf8 13. Bc5 Bxc5 14. Nxc5 Bc8 15. e5 Ne7 16. Ne4 Nd5 17. c4 Nb6 18. h4 h5 19. Be2 Ke7 20. Nd6 Rb8 21. b3 Bd7 22. a4 a5 23. Rd4 c5 24. Rf4 Rhf8 25. Rd1 Bc6 26. Bf3 Bxf3 27. Rxf3 Nc8 28. Ne4 b6 29. Nf6 Rb7 30. Rfd3 Rh8 31. Rd7+ Rxd7 32. Rxd7+ Kf8 33. Rb7 Kg7 34. Nd7 Rd8 35. Nxb6 Nxb6 36. Rxb6 Rd3 37. Rb5 Rf3 38. Rxc5 Rxb3 39. Rxa5 Rb4 40. c5 Re4 41. c6 Rc4+ 42. Kb2 Rxc6 43. Rb5 Rc4 44. Kb3 Rc1 45. a5 Ra1 46. Kb4 g5 47. hxg5 Kg6 48. Kc5 Kxg5 49. Kb6 Kg4 50. a6 Kf3 51. Rb2 1-0


[Site "https://www.chess.com"]

[Event "Titled Tuesday Blitz December 13 Late 2022"]
[White "Thomforde-Toates, Noah"]
[Black "Vedder, Richard"]
[WhiteFideId "30951992"]
[BlackFideId "1004166"]
[WhiteElo "2594"]
[BlackElo "2168"]
[Result "1-0"]
[Round "05"]
[TimeControl "180+1"]
[Date "2022.12.14"]
[WhiteClock "0:02:45"]
[BlackClock "0:02:28"]

1. d4 d5 2. Nc3 e6 3. Bf4 a6 4. e3 c5 5. dxc5 Bxc5 6. Nf3 Nf6 7. Bd3 O-O 8. O-O Nc6 9. e4 dxe4 10. Nxe4 Nxe4 11. Bxe4 Qxd1 12. Raxd1 Be7 13. Bxc6 bxc6 14. Bd6 Bxd6 15. Rxd6 c5 16. Rfd1 Bb7 17. Ne5 Bd5 18. c4 Be4 19. Nd7 Rfc8 20. Nb6 1-0


[Site "https://www.chess.com"]

[Event "Titled Tuesday Blitz December 13 Late 2022"]
[White "Timmermans, Mark"]
[Black "Pichot, Alan"]
[WhiteFideId "1026399"]
[BlackFideId "110973"]
[WhiteElo "2460"]
[BlackElo "2561"]
[Result "1-0"]
[Round "05"]
[TimeControl "180+1"]
[Date "2022.12.13"]
[WhiteClock "0:01:10"]
[BlackClock "0:00:02"]

1. b4 d5 2. Bb2 Bf5 3. e3 e6 4. c4 c6 5. a4 Nf6 6. b5 h6 7. Nf3 Be7 8. Be2 O-O 9. O-O Bh7 10. d4 Nbd7 11. Nc3 a6 12. Qb3 Ne4 13. Nxe4 Bxe4 14. Nd2 Bg6 15. Rfc1 axb5 16. axb5 Rxa1 17. Rxa1 Qb8 18. c5 e5 19. h3 Re8 20. Qa3 exd4 21. Bxd4 Bf6 22. Nb3 Ne5 23. Qa7 Qc8 24. Na5 Re7 25. b6 Be4 26. Nxb7 Rxb7 27. Ba6 Rxa7 28. Bxc8 Rxa1+ 29. Bxa1 Nf3+ 30. gxf3 Bxa1 31. f4 d4 32. b7 d3 33. b8=Q Kh7 34. Qb1 Bc3 35. Ba6 1-0


[Site "https://www.chess.com"]

[Event "Titled Tuesday Blitz December 13 Late 2022"]
[White "Toncheva, Nadya"]
[Black "Brown, Andrew"]
[WhiteFideId "2924056"]
[BlackFideId "3206513"]
[WhiteElo "2101"]
[BlackElo "2245"]
[Result "0-1"]
[Round "05"]
[TimeControl "180+1"]
[Date "2022.12.14"]
[WhiteClock "0:00:04"]
[BlackClock "0:00:03"]

1. d4 g6 2. c4 Bg7 3. Nc3 d6 4. e4 Nd7 5. Be2 e5 6. d5 a5 7. Nf3 Ne7 8. O-O f5 9. exf5 Nxf5 10. Ne4 h6 11. Qc2 O-O 12. Bd2 Nd4 13. Nxd4 exd4 14. Ng3 Qf6 15. Rae1 Nc5 16. Bc1 Bd7 17. b3 Rab8 18. Bd3 Nxd3 19. Qxd3 b5 20. Bd2 bxc4 21. bxc4 a4 22. Re2 Rfe8 23. Rfe1 Rxe2 24. Rxe2 Bf5 25. Nxf5 Qxf5 26. Qxf5 gxf5 27. Kf1 Rb1+ 28. Re1 Rb2 29. Ba5 Rxa2 30. Bxc7 Be5 31. c5 d3 32. Rd1 d2 33. Bxd6 Bxd6 34. cxd6 Kf7 35. Ke2 a3 36. Kd3 Rb2 37. Kc3 Ke8 38. f3 Kd7 39. g4 fxg4 40. fxg4 Kxd6 41. h4 Kxd5 42. g5 h5 43. g6 Ke6 44. Rf1 d1=Q 45. Rxd1 Kf6 46. Rg1 Kg7 47. Ra1 Rh2 48. Kd4 Rxh4+ 49. Ke5 Rh3 50. Rg1 Rf3 51. Ke4 Rb3 52. Kf5 a2 53. Ra1 Rb2 54. Kg5 Rh2 55. Rc1 h4 56. Rc7+ Kg8 57. Ra7 Kf8 58. Kf6 Rf2+ 59. Kg5 h3 60. Kh6 Rg2 61. g7+ Ke8 62. Kh7 h2 63. Ra8+ Kf7 64. Ra7+ Ke6 65. g8=Q+ Rxg8 66. Kxg8 h1=Q 67. Ra6+ Kd5 68. Rxa2 Qg1+ 69. Kf7 Qf1+ 70. Ke7 Kc6 71. Rc2+ Kb6 72. Rc8 Qe2+ 73. Kd7 Qd3+ 74. Ke7 Qh7+ 75. Kd6 Qg6+ 76. Kd7 Qf5+ 77. Kd8 Qe6 78. Rc7 Qd6+ 79. Rd7 Qf8# 0-1


[Site "https://www.chess.com"]

[Event "Titled Tuesday Blitz December 13 Late 2022"]
[White "Torres Boch, Jose Francisco"]
[Black "Rangel, Daniel"]
[WhiteFideId "2278383"]
[BlackFideId "2124475"]
[WhiteElo "2073"]
[BlackElo "2225"]
[Result "1-0"]
[Round "05"]
[TimeControl "180+1"]
[Date "2022.12.14"]
[WhiteClock "0:01:27"]
[BlackClock "0:00:14"]

1. e4 c5 2. Nf3 d6 3. d4 cxd4 4. Nxd4 Nf6 5. Nc3 g6 6. Be3 Bg7 7. f3 O-O 8. Qd2 Nc6 9. Bc4 Bd7 10. O-O-O Qa5 11. Kb1 Rfc8 12. Nd5 Qxd2 13. Rxd2 Nxd5 14. Bxd5 e6 15. Nxc6 bxc6 16. Bb3 d5 17. c4 a5 18. cxd5 exd5 19. exd5 a4 20. dxc6 Bxc6 21. Bd5 Rab8 22. Bxc6 Rxc6 23. Rc1 Re6 24. Bf4 Rbe8 25. Rdc2 h5 26. Rc8 Kh7 27. Rxe8 Rxe8 28. Rc4 Re2 29. Rc2 Re1+ 30. Bc1 Bh6 31. b3 a3 32. b4 h4 33. Rc4 Kg7 34. f4 Re2 35. b5 Re6 36. Bxa3 Rb6 37. Bb2+ Kf8 38. a4 Ke8 39. g3 h3 40. Bd4 Rb7 41. b6 Kd7 42. a5 Rb8 43. a6 Bf8 44. a7 Ra8 45. b7 Re8 46. b8=Q Re1+ 47. Kc2 Re2+ 48. Kd3 Rxh2 49. a8=Q Bd6 50. Qd5 Rd2+ 51. Kxd2 h2 52. Rc7# 1-0


[Site "https://www.chess.com"]